 Dungeon Crawl Stone Soup version 0.30-a0-3-gc9032a9cac (webtiles) character file.

Game seed: 8649122957661131676

2918 BritishOli the Trooper (level 9, 0/72 HPs)
             Began as a Demonspawn Fighter on Aug 19, 2022.
             Was an Elder of Okawaru.
             Slain by a wyvern (12 damage)
             ... on level 8 of the Dungeon on Aug 20, 2022.
             The game lasted 00:08:09 (7385 turns).

BritishOli the Trooper (Demonspawn Fighter)         Turns: 7385, Time: 00:08:10

Health: 0/72       AC: 27    Str: 20    XL:     9   Next: 50%
Magic:  9/9        EV:  6    Int:  9    God:    Okawaru [****..]
Gold:   425        SH:  6    Dex: 14    Spells: 8/8 levels left

rFire   . . .      SeeInvis +    w - +2 falchion (vorpal)
rCold   . . .      Faith    .    c - +0 buckler
rNeg    . . .      Spirit   .    s - +0 plate armour
rPois   .          Reflect  .    (no helmet)
rElec   .          Harm     .    D - +0 cloak
rCorr   .          Rampage  .    (no gloves)
Will    .....                    (no boots)
Stlth   ..........               (no amulet)
HPRegen 0.22/turn                t - +4 ring of protection
MPRegen 0.11/turn                B - ring of see invisible

@: sanguine armoured
A: foul stench 2, spiny 3, sanguine armour 2
a: Renounce Religion, Heroism, Finesse


You were on level 8 of the Dungeon.
You worshipped Okawaru.
Okawaru was greatly pleased with you.
You visited 2 branches of the dungeon, and saw 9 of its levels.

You collected 425 gold pieces.

Inventory:

Hand Weapons
 w - a +2 vorpal falchion (weapon)
Armour
 c - a +0 buckler (worn)
 s - a +0 plate armour (worn)
 D - a +0 cloak (worn)
Jewellery
 h - a ring of fire
 t - a +4 ring of protection (left hand)
 v - a ring of flight
 B - a ring of see invisible (right hand)
Wands
 a - a wand of digging (8)
 u - a wand of acid (11)
 y - a wand of iceblast (8)
 C - a wand of flame (29)
Scrolls
 b - 2 scrolls of poison {unknown}
 g - 3 scrolls of vulnerability {unknown}
 i - a scroll of noise {unknown}
 k - 2 scrolls of enchant armour {unknown}
 m - a scroll of brand weapon {unknown}
 n - 7 scrolls of teleportation
 o - a scroll of fear {unknown}
 x - a scroll of butterflies {unknown}
Potions
 d - 3 potions of might
 e - 2 potions of flight
 f - a potion of lignification
 j - 4 potions of curing
 l - a potion of mutation {unknown}
 p - a potion of berserk rage {unknown}
 q - a potion of magic {unknown}
 r - 2 potions of haste
 A - a potion of heal wounds {unknown}


   Skills:
 + Level 7.2 Fighting
 + Level 6.2 Long Blades
 + Level 6.6 Armour
 + Level 6.6 Shields


You had 8 spell levels left.
You didn't know any spells.
Your spell library contained the following spells:

 Spells                   Type           Power      Damage    Failure   Level
 Necrotise                Necr           0%         1d4       100%        1
 Gell's Gravitas          Tloc           0%         N/A       100%        3
 Lesser Beckoning         Tloc           0%         N/A       100%        3
 Ozocubu's Armour         Ice            0%         N/A       100%        3
 Teleport Other           Tloc           0%         N/A       100%        3
 Vampiric Draining        Necr           0%         2d6       100%        3
 Agony                    Necr           0%         N/A       100%        5
 Ozocubu's Refrigeration  Ice            0%         4d7       100%        7


Dungeon Overview and Level Annotations

Branches:
Dungeon (8/15)             Temple (1/1) D:4
   Lair: D:8-11

Altars:
Ashenzari
Cheibriados
Fedhas
Gozag
Hepliaklqana
Kikubaaqudgha
Okawaru
Qazlal
Ru
Vehumet
Wu Jian
Xom


Innate Abilities, Weirdness & Mutations

You sometimes emit foul miasma when damaged in melee.
You are completely covered in sharp spines.
When seriously injured, your blood forms thick armour. (AC +9)


Message History

The orc completely misses you. The sky beast is struck by your spines.
The sky beast closely misses you.
You closely miss the sky beast.
The sky beast is almost dead.
The orc barely misses you.
The orc warrior hits you but does no damage.
The orc barely misses you.
The orc priest calls down the wrath of Beogh upon you.
Beogh smites you! The sky beast is struck by your spines.
You kill the sky beast!
Okawaru accepts your kill. The orc is struck by your spines.
You kill the orc!
Okawaru accepts your kill.
The wyvern bites you but does no damage.
You are too injured to fight recklessly!
You are too injured to fight recklessly!
The orc attacks as you move away! The orc is struck by your spines.
The orc hits you but does no damage.
The orc priest calls down the wrath of Beogh upon you.
Beogh smites you!
* * * LOW HITPOINT WARNING * * *
You are too injured to fight recklessly!
You are too injured to fight recklessly!
You hit the wyvern but do no damage. The wyvern bites you!
* * * LOW HITPOINT WARNING * * *
The orc priest looks braver for a moment.
The wyvern completely misses you.
You hit the wyvern.
The wyvern is lightly wounded.
The wyvern bites you but does no damage.
You block the wyvern's attack.
You closely miss the wyvern.
The wyvern is lightly wounded.
The orc priest calls upon Beogh to heal the orc.
The orc's wounds heal themselves!
You block the wyvern's attack.
You hit the wyvern.
The wyvern is heavily wounded.
The wyvern bites you!
You die...

#.###....#........##.##
#. #....+..####...<...
# #....##.. ##.##.##
#..(.###.. # .....
#....# #.. ###...
#....# ### #... #....#
#.## ##.### #.# #@# ...
###l########
#.[oo......#
#..oo†......
#...........
#...........
#...........
#...........
#...........


You could see an orc warrior, a wyvern, an orc priest and 2 orcs.

Vanquished Creatures
  Pikel (D:5)
  2 trolls (D:7)
  Duvessa (D:5)
  An orc warrior (D:7)
  2 black bears
  3 sky beasts
  2 ogres
  2 phantoms
  A scorpion (D:6)
  2 necrophages
  A bullfrog (D:7)
  Dowan (D:5)
  2 howler monkeys
  4 hounds
  3 orc priests
  Crazy Yiuf (D:7)
  An iguana (D:6)
  Ijyb (D:4)
  4 orc wizards
  A mummy (D:4)
  3 gnolls (D:4)
  13 adders
  A white imp (D:5)
  A howler monkey simulacrum (D:7)
  2 ufetubi
  A worm (D:2)
  8 dart slugs
  18 orcs
  5 bats
  9 endoplasms
  3 hobgoblins
  8 jackals (D:4)
  5 kobolds
  5 quokkas
  2 ball pythons
  4 frilled lizards
  5 goblins
  3 rats
132 creatures vanquished.

Notes
Turn   | Place    | Note
-------+----------+-------------------------------------------
     0 | D:1      | BritishOli the Demonspawn Fighter began the quest for the
                  | Orb.
     0 | D:1      | Reached XP level 1. HP: 18/18 MP: 1/1
   204 | D:1      | Gained mutation: You may rarely emit foul miasma when
                  | damaged in melee. [demonic ancestry]
   204 | D:1      | Reached XP level 2. HP: 20/24 MP: 2/2
  1108 | D:2      | Gained mutation: When seriously injured, your blood forms
                  | armour. (AC +9) [demonic ancestry]
  1108 | D:2      | Reached XP level 3. HP: 16/29 MP: 3/3
  1445 | D:2      | Found a faded altar of an unknown god.
  1964 | D:3      | Gained mutation: You sometimes emit foul miasma when
                  | damaged in melee. [demonic ancestry]
  1964 | D:3      | Reached XP level 4. HP: 31/35 MP: 4/4
  2671 | D:3      | Upgraded the game from 0.30-a0-1-g69b7b797bf to
                  | 0.30-a0-3-gc9032a9cac
  2999 | D:3      | Reached XP level 5. HP: 38/42 MP: 5/5
  3142 | D:4      | Found a snail-covered altar of Cheibriados.
  3620 | D:4      | Noticed Ijyb
  3626 | D:4      | Killed Ijyb
  3627 | D:4      | Reached skill level 4 in Fighting
  4004 | D:4      | Gained mutation: You are partially covered in sharp spines.
                  | [demonic ancestry]
  4004 | D:4      | Reached XP level 6. HP: 35/48 MP: 6/6
  4385 | D:4      | Found a staircase to the Ecumenical Temple.
  4499 | Temple   | Entered the Ecumenical Temple
  4671 | Temple   | Became a worshipper of Warmaster Okawaru
  4849 | D:4      | Found a sacrificial altar of Ru.
  4892 | D:5      | Entered Level 5 of the Dungeon
  4913 | D:5      | Noticed Dowan
  4914 | D:5      | Noticed Duvessa
  4932 | D:5      | Killed Duvessa
  4934 | D:5      | Killed Dowan
  4935 | D:5      | Gained mutation: You are mostly covered in sharp spines.
                  | [demonic ancestry]
  4935 | D:5      | Reached XP level 7. HP: 50/55 MP: 7/7
  5025 | D:5      | Reached * piety under Okawaru
  5026 | D:5      | Reached skill level 5 in Fighting
  5089 | D:5      | Noticed Pikel
  5100 | D:5      | Killed Pikel
  5100 | D:5      | Reached ** piety under Okawaru
  5101 | D:5      | Reached skill level 5 in Armour
  5101 | D:5      | Reached skill level 5 in Shields
  5101 | D:5      | Gained mutation: When seriously injured, your blood forms
                  | thick armour. (AC +9) [demonic ancestry]
  5101 | D:5      | Reached XP level 8. HP: 59/64 MP: 8/8
  5644 | D:6      | Reached skill level 6 in Fighting
  5644 | D:6      | Reached skill level 5 in Long Blades
  5740 | D:6      | Reached *** piety under Okawaru
  6195 | D:7      | Found a runed translucent door.
  6196 | D:7      | Noticed Crazy Yiuf
  6247 | D:7      | Killed Crazy Yiuf
  6379 | D:7      | Gained mutation: You are completely covered in sharp
                  | spines. [demonic ancestry]
  6379 | D:7      | Reached XP level 9. HP: 48/71 MP: 9/9
  6500 | D:7      | Noticed a troll
  6503 | D:7      | Found a transporter.
  6504 | D:7      | Noticed a troll
  6505 | D:7      | Found a transporter.
  6507 | D:7      | Found an ancient bone altar of Kikubaaqudgha.
  6507 | D:7      | Found a broken altar of Ashenzari.
  6511 | D:7      | Killed a troll
  6513 | D:7      | Killed a troll
  6513 | D:7      | Reached **** piety under Okawaru
  6514 | D:7      | Reached skill level 7 in Fighting
  7385 | D:8      | Slain by a wyvern

Illustrated notes

Levels and vault maps discovered:
D:1:      dpeg_arrival_oval, layout_loops_ring, minmay_pentomino_x4
D:2:      layout_rooms, shapermc_ecumenical_altar_mp_vishouse
D:3:      layout_basic
D:4:      layout_basic, slow_altar_1, marbit_many_paths,
          minmay_temple_entry_butterflies, enter_ossuary_2, uniq_ijyb
D:5:      layout_rooms, uniq_duvessa, uniq_pikel
D:6:      layout_cave_pods
D:7:      layout_basic, gammafunk_temple_overflow_arena, serial_aquarium,
          aquarium_bridge_long_joined [aquarium_subvault_bridge,
          aquarium_subvault_bridge, aquarium_subvault_wall,
          aquarium_subvault_window, aquarium_subvault_window,
          aquarium_subvault_wall], aquarium_bridge_straight
          [aquarium_subvault_bridge, aquarium_subvault_window,
          aquarium_subvault_bridge, aquarium_subvault_wall],
          aquarium_window_fake, aquarium_window_corridor_3,
          aquarium_window_corner, aquarium_window_corner, aquarium_view_2f,
          minmay_misc_feat_iff, uniq_crazy_yiuf_cottage
D:8:      layout_basic, trog_hazing_becter
Temple:   minmay_temple_curvy_branch

Skill      XL: |  1  2  3  4  5  6  7  8  9 |
---------------+----------------------------+-----
Long Blades    | 2 3 4 5 6 |  6.2
Shields        | 3 4 5 6 |  6.6
Armour         | 3 4 5 6 |  6.6
Fighting       | 4 5 6 7 |  7.2

Action                   |  1- 3 |  4- 6 |  7- 9 || total
-------------------------+-------+-------+-------++-------
Melee: Long sword        |   118 |   167 |       ||   285
       Falchion          |       |    16 |   147 ||   163
  Use: Scroll            |       |       |     6 ||     6
Armor: Scale mail        |    66 |    27 |       ||    93
       Plate armour      |       |   100 |   115 ||   215
Dodge: Dodged            |    54 |    75 |    40 ||   169
Block: Buckler           |    27 |    54 |    40 ||   121

Table legend: (Time is in decaauts)
 A = Elapsed time spent in this place.
 B = Non-inter-level travel time spent in this place.
 C = Inter-level travel time spent in this place.
 D = Time resting spent in this place.
 E = Time spent auto-exploring this place.
 F = Levels seen in this place.
 G = Mean time per level.
                   A        B        C        D        E       F      G
               +--------+--------+--------+--------+--------+-----+--------+
         Total |   7486 |   7193 |    293 |    179 |   6007 |   9 |  831.8 |
       Dungeon |   7291 |   7020 |    271 |    179 |   5845 |   8 |  911.4 |
        Temple |    194 |    172 |     22 |      0 |    162 |   1 |  194.0 |
               +--------+--------+--------+--------+--------+-----+--------+

Top non-repeatable levels by time:
     D:4: 1612 daAuts
     D:3: 1230 daAuts
     D:1: 1011 daAuts
     D:7: 938 daAuts
     D:2: 932 daAuts
     D:6: 886 daAuts
     D:5: 359 daAuts
     D:8: 320 daAuts
  Temple: 194 daAuts
